 Dungeon Crawl Stone Soup version 0.28-a0-863-g8cecda6153 (webtiles) character file.

Game seed: 6412619579624209309

822 ders the Digger (level 7, -1/36 HPs)
             Began as a Gargoyle Earth Elementalist on Nov 17, 2021.
             Slain by Duvessa (10 damage)
             ... on level 4 of the Dungeon.
             The game lasted 00:07:15 (4838 turns).

ders the Digger (Gargoyle Earth Elementalist)       Turns: 4838, Time: 00:07:16

Health: -1/36      AC:  7    Str: 11    XL:     7   Next: 95%
Magic:  3/14       EV: 11    Int: 18    God:
Gold:   182        SH:  0    Dex: 10    Spells: 9/15 levels left

rFire   . . .      SeeInvis .   i - +3 quarterstaff (chaos)
rCold   . . .      Faith    .   (shield currently unavailable)
rNeg    + + .      Spirit   .   b - +0 robe
rPois   ∞          Reflect  .   (no helmet)
rElec   +          Harm     .   j - +0 cloak
rCorr   .          Rampage  .   (no gloves)
Will    .....                   (no boots)
Stlth   ++........              (no amulet)
HPRegen 0.12/turn               a - ring of flight
MPRegen 0.14/turn               n - ring of positive energy

@: flying
A: sickness immunity, AC +4, negative energy resistance 1, electricity
resistance, torment resistance 1, petrification resistance
a: no special abilities


You were on level 4 of the Dungeon.
You visited 1 branch of the dungeon, and saw 6 of its levels.

You collected 182 gold pieces.

Inventory:

Hand Weapons
 i - a +3 quarterstaff of chaos (weapon)
Missiles
 c - 61 stones
Armour
 b - a +0 robe (worn)
 j - a +0 cloak (worn)
Magical Staves
 v - a staff of fire
Jewellery
 a - a ring of flight (left hand)
 n - a ring of positive energy (right hand)
 p - a ring of protection from fire
 q - a ring of positive energy
Wands
 s - a wand of iceblast (7)
Scrolls
 g - a scroll of amnesia
 m - 2 scrolls of teleportation {unknown}
 o - 2 scrolls of identify
 u - a scroll of blinking {unknown}
Potions
 d - a potion of haste {unknown}
 e - a potion of invisibility {unknown}
 f - a potion of attraction {unknown}
 h - 2 potions of curing
 k - a potion of lignification {unknown}
 l - a potion of resistance {unknown}
 r - a potion of mutation {unknown}
 t - a potion of heal wounds {unknown}


   Skills:
 - Level 1.5 Dodging
 + Level 2.2 Stealth
 + Level 4.9 Spellcasting
 + Level 5.1 Conjurations
 + Level 0.7 Transmutations
 + Level 6.9 Earth Magic


You had 9 spell levels left.
You knew the following spells:

 Your Spells              Type           Power      Damage    Failure   Level
a - Sandblast             Erth           58%        2d13      1%          1
b - Stone Arrow           Conj/Erth      52%        3d10      3%          3
c - Blink                 Tloc           8%         N/A       21%         2

Your spell library contained the following spells:

 Spells                   Type           Power      Damage    Failure   Level
 Passwall                 Tmut/Erth      15%        N/A       4%          2
 Animate Skeleton         Necr           8%         N/A       14%         1
 Pain                     Necr           16%        1d4       14%         1
 Slow                     Hex            16%        N/A       14%         1
 Petrify                  Tmut/Erth      18%        N/A       26%         4
 Confusing Touch          Hex            4%         N/A       38%         3
 Lesser Beckoning         Tloc           4%         N/A       38%         3
 Vampiric Draining        Necr           4%         2d6       38%         3
 Yara's Violent Unravell  Hex/Tmut       2%         3d3       97%         5
 Manifold Assault         Tloc           4%         N/A       98%         5


Dungeon Overview and Level Annotations

Branches:
Dungeon (6/15)
 Temple: D:4-7

Altars:
Dithmenos
Uskayaw

Annotations:
D:4 Duvessa
D:6 Edmund


Innate Abilities, Weirdness & Mutations

You are immune to sickness and miasma.
Your stone body is resilient. (AC +4)
You are immune to poison.
You resist negative energy. (rN+)
You are resistant to electric shocks. (rElec)
You are resistant to unholy torment.
You are immune to petrification.


Message History

Confirm with . or Enter, or press ? or * to list all spells.
Aiming: Sandblast (safe; 1% risk of failure)
Press: ? - help, Shift-Dir - straight line, f/p - Dowan
Aim: Dowan, wielding a +0 dagger and wearing a +0 robe (almost dead, 73% to hit)
The blast of sand hits Dowan!
You kill Dowan!
Duvessa screams in rage.
Duvessa goes berserk!
Unknown command.
Casting: Sandblast (safe; 1% risk of failure)
Confirm with . or Enter, or press ? or * to list all spells.
Aiming: Sandblast (safe; 1% risk of failure)
Press: ? - help, Shift-Dir - straight line, f - Duvessa
Aim: Duvessa, wielding a +1 short sword of protection and wearing a +0 ring mail (berserk, 86% to hit)
The blast of sand hits Duvessa but does no damage.
Duvessa hits you with a +1 short sword of protection!
Unknown command.
Casting: Sandblast (safe; 1% risk of failure)
Confirm with . or Enter, or press ? or * to list all spells.
Aiming: Stone Arrow (dangerous; 3% risk of failure)
Press: ? - help, Shift-Dir - straight line, f/p - Duvessa
Aim: Duvessa, wielding a +1 short sword of protection and wearing a +0 ring mail (berserk, 79% to hit)
The stone arrow hits Duvessa!
Duvessa is lightly wounded.
Duvessa completely misses you.
Unknown command.
Casting: Stone Arrow (dangerous; 3% risk of failure)
Confirm with . or Enter, or press ? or * to list all spells.
Aiming: Stone Arrow (dangerous; 3% risk of failure)
Press: ? - help, Shift-Dir - straight line, f/p - Duvessa
Aim: Duvessa, wielding a +1 short sword of protection and wearing a +0 ring mail (lightly wounded, berserk, 79% to hit)
The stone arrow misses Duvessa.
Duvessa misses you.
Duvessa hits you with a +1 short sword of protection!
* * * LOW HITPOINT WARNING * * *
Unknown command.
It was a potion of curing.
You feel better.
Duvessa hits you with a +1 short sword of protection.
* * * LOW HITPOINT WARNING * * *
Duvessa hits you with a +1 short sword of protection!
You die...

###### ..... # #.#.# #
#.#...####.#
#.#..)#....
####.......#
.....[.e.#
###.#.@.####.#
#.#........# ##
#.....###### #..
####'## #.# ##...##
##.# ##.....## ##..#
##.......#
#####...####.........#
...........'.........+


You could see Duvessa (berserk).

Vanquished Creatures
  Menkaure (D:4)
  A black bear (D:5)
  3 scorpions
  Dowan (D:4)
  Crazy Yiuf (D:2)
  2 centaur skeletons (D:5)
  Ijyb (D:4)
  An iguana (D:5)
  4 orc wizards (D:5)
  A hound skeleton (D:4)
  3 adders
  An adder zombie (D:4)
  A worm (D:4)
  2 dart slugs
  2 orcs (D:5)
  7 bats
  7 endoplasms
  3 giant cockroaches
  4 goblins
  9 hobgoblins
  6 quokkas
  15 ball pythons
  7 frilled lizards
  12 kobolds
  6 rats
101 creatures vanquished.

Notes
Turn   | Place    | Note
-------+----------+-------------------------------------------
     0 | D:1      | ders the Gargoyle Earth Elementalist began the quest for
                  | the Orb.
     0 | D:1      | Reached XP level 1. HP: 10/10 MP: 3/3
   285 | D:1      | Reached XP level 2. HP: 15/15 MP: 3/5
   324 | D:1      | Reached skill level 1 in Conjurations
   428 | D:1      | Reached skill level 4 in Earth Magic
   542 | D:1      | Reached XP level 3. HP: 19/19 MP: 3/6
   546 | D:1      | Learned a level 3 spell: Stone Arrow
   700 | D:1      | Found a faded altar of an unknown god.
  1238 | D:2      | Found a shadowy altar of Dithmenos.
  1421 | D:2      | Reached XP level 4. HP: 14/24 MP: 0/8
  2153 | D:2      | Found a runed translucent door.
  2154 | D:2      | Noticed Crazy Yiuf
  2159 | D:2      | Killed Crazy Yiuf
  2779 | D:3      | Reached XP level 5. HP: 28/28 MP: 7/9
  2805 | D:3      | You fall into a shaft and drop 2 floors!
  2805 | D:5      | Entered Level 5 of the Dungeon
  2805 | D:5      | Noticed a black bear
  2811 | D:5      | Found a hide-covered altar of Uskayaw.
  2820 | D:5      | Noticed Edmund
  2881 | D:5      | Reached skill level 5 in Earth Magic
  2893 | D:5      | Reached XP level 6. HP: 30/32 MP: 0/11
  3019 | D:5      | Killed a black bear
  3143 | D:5      | Reached skill level 6 in Earth Magic
  3143 | D:5      | Reached XP level 7. HP: 36/36 MP: 3/13
  3450 | D:4      | Noticed Ijyb
  4179 | D:4      | Noticed Menkaure
  4183 | D:4      | Killed Menkaure
  4583 | D:4      | Killed Ijyb
  4741 | D:4      | Learned a level 2 spell: Blink
  4762 | D:4      | Reached skill level 5 in Conjurations
  4829 | D:4      | Noticed Duvessa
  4829 | D:4      | Noticed Dowan
  4833 | D:4      | Killed Dowan
  4838 | D:4      | Slain by Duvessa

Illustrated notes

Levels and vault maps discovered:
D:1:      minmay_arrival_four_houses, layout_basic,
          nicolae_ecumenical_snake_handling, serial_bayou_pond_a,
          minmay_tromino_v4_c
D:2:      minmay_door_path, layout_loops_ring, basic_altar,
          uniq_crazy_yiuf_cottage
D:3:      layout_loops_cross, minmay_distorted
D:4:      minmay_recursive_quarters, layout_loops_corners, serial_glass,
          glass_columns_a, glass_columns_b, serial_shops, shop,
          hangedman_abyss_or_decor_lesser_grid, minmay_misc_feat_square,
          uniq_ijyb, uniq_duvessa, uniq_menkaure
D:5:      layout_basic, nicolae_uskayaw_murder_on_the_dancefloor,
          kennysheep_generic_room_2, uniq_edmund
D:6:      layout_loops_cross, lexackson_kobold_supper

Skill      XL: |  1  2  3  4  5  6  7 |
---------------+----------------------+-----
Conjurations   | 1 2 3 4 5 |  5.1
Earth Magic    | 4 5 6 |  6.9
Spellcasting   | 3 4 |  4.9
Dodging        | |  1.5
Stealth        | |  2.2
Transmutations | |  0.7

Action                   |  1- 3 |  4- 6 |  7- 9 || total
-------------------------+-------+-------+-------++-------
Melee: Unarmed           |    14 |     6 |       ||    20
       Quarterstaff      |       |    19 |     1 ||    20
 Cast: Sandblast         |    61 |    37 |    20 ||   118
       Stone Arrow       |       |    11 |    22 ||    33
  Use: Scroll            |       |     2 |       ||     2
       Potion            |       |     1 |     1 ||     2
 Stab: Distracted        |     1 |       |       ||     1
Armor: Robe              |    11 |    16 |     5 ||    32
Dodge: Dodged            |    23 |    20 |     5 ||    48

Table legend: (Time is in decaauts)
 A = Elapsed time spent in this place.
 B = Non-inter-level travel time spent in this place.
 C = Inter-level travel time spent in this place.
 D = Time resting spent in this place.
 E = Time spent auto-exploring this place.
 F = Levels seen in this place.
 G = Mean time per level.
                   A        B        C        D        E       F      G
               +--------+--------+--------+--------+--------+-----+--------+
         Total |   4844 |   4664 |    180 |   1975 |   2114 |   6 |  807.3 |
       Dungeon |   4844 |   4664 |    180 |   1975 |   2114 |   6 |  807.3 |
               +--------+--------+--------+--------+--------+-----+--------+

Top non-repeatable levels by time:
     D:2: 1275 daAuts
     D:1: 1149 daAuts
     D:4: 923 daAuts
     D:3: 871 daAuts
     D:5: 601 daAuts
     D:6: 23 daAuts
